 Dungeon Crawl Stone Soup version 0.28.0-53-g5a82cb258f (webtiles) character file.

Game seed: 10424469800666436344

77 Zeld the Chopper (level 4, 0/41 HPs)
             Began as a Minotaur Berserker on May 23, 2022.
             Was a Believer of Trog.
             Slain by a worm (9 damage)
             ... on level 3 of the Dungeon.
             The game lasted 00:01:16 (2482 turns).

Zeld the Chopper (Minotaur Berserker)               Turns: 2482, Time: 00:01:17

Health: 0/41       AC:  2    Str: 23    XL:     4   Next: 13%
Magic:  3/3        EV: 12    Int:  4    God:    Trog [**....]
Gold:   121        SH:  0    Dex: 10    Spells: 3/3 levels left

rFire   . . .      SeeInvis .   a - +0 hand axe
rCold   . . .      Faith    .   (no shield)
rNeg    . . .      Spirit   .   b - +0 animal skin
rPois   .          Reflect  .   (helmet restricted)
rElec   .          Harm     .   (no cloak)
rCorr   .          Rampage  .   (no gloves)
Will    .....                   (no boots)
Stlth   +.........              (no amulet)
HPRegen 0.13/turn               (no ring)
MPRegen 0.08/turn               (no ring)

@: no status effects
A: horns 2, retaliatory headbutt
a: Renounce Religion, Berserk, Trog's Hand


You were on level 3 of the Dungeon.
You worshipped Trog.
Trog was pleased with you.
You visited 1 branch of the dungeon, and saw 3 of its levels.

You collected 121 gold pieces.

Inventory:

Hand Weapons
 a - a +0 hand axe (weapon)
Armour
 b - a +0 animal skin (worn)
Scrolls
 c - 2 scrolls of teleportation {unknown}
 e - 2 scrolls of identify {unknown}
 g - a scroll of fear {unknown}
 h - a scroll of immolation {unknown}
 j - 3 scrolls of amnesia {unknown}
Potions
 d - a potion of brilliance {unknown}
 f - a potion of mutation {unknown}
 i - a potion of curing {unknown}


   Skills:
 * Level 4.5 Fighting
 * Level 4.5 Axes
 + Level 3.1 Armour
 + Level 2.9 Dodging


You had 3 spell levels left.
You didn't know any spells.
Your spell library was empty.

Dungeon Overview and Level Annotations

Branches:
Dungeon (3/15)

Altars:
Gozag
Trog

Shops:
D:1 !


Innate Abilities, Weirdness & Mutations

You have a pair of horns on your head.
You reflexively headbutt those who attack you in melee.


Message History

You hit the hobgoblin.
You kill the hobgoblin!
Trog accepts your kill.
A magic dart appears from out of thin air!
The magic dart hits you!
A worm comes into view.
Something hits you. The orc hits you but does no damage.
Things that are here:
a +0 mace; an orc corpse Unknown command.
You hit the orc. You headbutt the orc.
You kill the orc!
Trog accepts your kill.
You hit something. Something hits you. x2
Found a mace.
Found a stone staircase leading down.
Something hits you.
You see here a +0 club.
Unknown command.
You are too injured to fight recklessly!
Unknown command.
You are too injured to fight recklessly!
You barely miss something. Something barely misses you.
You barely miss something. You hit the worm. Something hits you.
The worm misses you.
You closely miss something. You barely miss the worm.
Something barely misses you.
You barely miss something. You hit the worm.
You hear some strange, mumbled words.
Something tries to affect you, but you resist.
The worm bites you.
You hit something. You hit the worm. Something hits you.
* * * LOW HITPOINT WARNING * * *
You miss something. Your headbutt misses something. You barely miss the worm.
The worm bites you but does no damage. Something hits you.
* * * LOW HITPOINT WARNING * * *
Unknown command.
You miss something. You slash the worm!
You hear some strange, mumbled words.
A puff of flame appears from out of thin air!
The puff of flame misses you. The worm bites you!
You die...

...........#...# .#
..........###..# ..
...........#...# .#
.#####...##.#.## .#
.# #...####.# .# ##
#...####.###.#### #
#...##...)))....# #
#...##.#.##)###.##.
#.#.##@{...... #
#>.w........
##.......#..
>..#..#.....
.......#.###.
.......... . ..###
##.# ## .) .#


You could see a worm.

Vanquished Creatures
  An adder (D:3)
  4 worms
  A dart slug (D:2)
  4 orcs (D:3)
  2 ball pythons (D:1)
  7 endoplasms
  2 giant cockroaches
  2 goblins
  5 hobgoblins
  3 jackals (D:1)
  6 bats
  A frilled lizard (D:1)
  6 kobolds
  4 rats
48 creatures vanquished.

Notes
Turn   | Place    | Note
-------+----------+-------------------------------------------
     0 | D:1      | Zeld the Minotaur Berserker began the quest for the Orb.
     0 | D:1      | Reached XP level 1. HP: 19/19 MP: 0/0
   460 | D:1      | Reached XP level 2. HP: 23/27 MP: 1/1
   562 | D:1      | Found Natiaxze's Distillery.
  1056 | D:2      | Found a bloodstained altar of Trog.
  1094 | D:2      | Reached XP level 3. HP: 21/33 MP: 2/2
  1220 | D:2      | Found a faded altar of an unknown god.
  2046 | D:3      | Found an opulent altar of Gozag.
  2354 | D:3      | Reached ** piety under Trog
  2469 | D:3      | Reached XP level 4. HP: 34/41 MP: 3/3
  2482 | D:3      | Slain by a worm

Illustrated notes

Levels and vault maps discovered:
D:1:      sevenhm_arrival_forest_fort_large_2, layout_rooms, serial_shops,
          shop_statue, roderic_st_hans_cross, grunt_decor_mini_mirrors
D:2:      layout_loops_ring, basic_ecumenical_altar, basic_altar,
          minmay_hexomino_f4
D:3:      layout_loops_cross, grunt_gozag_breadcrumbs, lemuel_old_faithful

Skill      XL: |  1  2  3 |
---------------+----------+-----
Fighting       | 4 |  4.5
Axes           | 4 |  4.5
Armour         | 3 |  3.1
Dodging        | |  2.9

Action                   |  1- 3 |  4- 6 || total
-------------------------+-------+-------++-------
Melee: Hand axe          |    84 |    12 ||    96
       Headbutt          |    17 |     1 ||    18
 Stab: Sleeping          |     1 |       ||     1
Armor: Animal skin       |    17 |     2 ||    19
Dodge: Dodged            |    59 |     5 ||    64
